 Dungeon Crawl Stone Soup version 0.31-a0-968-g24f9ace8b5 (webtiles) character file.

Game seed: 3319295768347949080

1360 Dittersdorf the Shield-Bearer (level 8, -6/52 HPs)
             Began as a Gargoyle Fighter on Oct 27, 2023.
             Was an Initiate of Gozag.
             Mangled by an orc warrior
             ... wielding a +0 halberd
              (7 damage)
             ... on level 6 of the Dungeon.
             The game lasted 00:07:45 (6342 turns).

Dittersdorf the Shield-Bearer (Gargoyle Fighter)    Turns: 6342, Time: 00:07:45

Health: -6/52      AC: 16    Str: 22    XL:     8   Next: 64%
Magic:  8/8        EV:  9    Int:  9    God:    Gozag
Gold:   256        SH: 11    Dex: 15    Spells: 7/7 levels left

rFire   . . .        v - +0 morningstar
rCold   + . .        c - +0 buckler
rNeg    + . .        q - +2 scale mail {rC+}
rPois   ∞            (no helmet)
rElec   +            (no cloak)
rCorr   .            w - +0 pair of gloves
SInv    .            (no boots)
Will    .....        i - amulet of reflection Stlth
                     j - ring of flight
HPRegen 0.28/turn    o - +6 ring of dexterity
MPRegen 0.11/turn

%: reflection
@: flying
A: sickness immunity, AC +5, negative energy resistance 1, electricity
resistance, torment resistance 1, petrification resistance
a: Renounce Religion, Potion Petition, Call Merchant, Bribe Branch


You were on level 6 of the Dungeon.
You worshipped Gozag.
Gozag was aware of your devotion.
You visited 2 branches of the dungeon, and saw 7 of its levels.

You collected 364 gold pieces.
You paid 108 gold pieces to Gozag.

Inventory:

Hand Weapons
 v - a +0 morningstar (weapon)
Missiles
 l - 10 poisoned darts (quivered)
 s - 2 throwing nets
Armour
 c - a +0 buckler (worn)
 q - a +2 scale mail of cold resistance (worn)
 w - a +0 pair of gloves (worn)
Jewellery
 a - a ring of wizardry
 h - a ring of protection from fire
 i - an amulet of reflection (around neck)
 j - a ring of flight (left hand)
 o - a +6 ring of dexterity (right hand)
Wands
 t - a wand of flame (28)
Scrolls
 f - 4 scrolls of enchant armour
 g - a scroll of teleportation
 x - 2 scrolls of silence
Potions
 b - a potion of curing
 d - a potion of might
 e - a potion of resistance {unknown}
 k - a potion of enlightenment {unknown}
 m - a potion of cancellation {unknown}
 n - 2 potions of brilliance {unknown}
 p - a potion of lignification {unknown}
 r - 2 potions of magic
 u - a potion of heal wounds
 z - a potion of haste
 B - a potion of invisibility


   Skills:
 + Level 6.5 Fighting
 + Level 5.4 Maces & Flails
 + Level 6.5 Armour
 + Level 6.5 Shields


You had 7 spell levels left.
You didn't know any spells.
Your spell library contained the following spells:

 Spells                   Type           Power      Damage    Failure   Level
 Apportation              Tloc           0%         N/A       75%         1
 Jinxbite                 Hex            0%         N/A       87%         2
 Alistair's Intoxication  Tmut/Pois      0%         N/A       100%        5


Dungeon Overview and Level Annotations

Branches:
Dungeon (6/15)             Temple (1/1) D:6

Altars:
Ashenzari
Cheibriados
Dithmenos
Elyvilon
Fedhas
Gozag
Hepliaklqana
Kikubaaqudgha
Makhleb
Nemelex Xobeh
Okawaru
Qazlal
Ru
Sif Muna
Trog
Uskayaw
Vehumet
Yredelemnul
Zin
The Shining One


Innate Abilities, Weirdness & Mutations

You are immune to sickness and miasma.
Your stone body is resilient. (AC +5)
You are immune to poison.
You resist negative energy. (rN+)
You are resistant to electric shocks. (rElec)
You are resistant to unholy torment.
You are immune to petrification.


Message History

You sock the orc wizard!
The orc wizard is severely wounded.
The orc warrior barely misses you. The orc wizard barely misses you.
You completely miss the orc wizard.
The orc wizard is severely wounded.
The orc warrior hits you but does no damage.
The orc wizard gestures at you while chanting.
The puff of flame misses you. The orc warrior barely misses you.
You closely miss the orc wizard.
The orc wizard is severely wounded.
The orc wizard mumbles some strange words.
The orc wizard flickers and vanishes!
The orc warrior completely misses you. You block something's attack.
You miss something. You block the orc warrior's attack.
You hear some strange, mumbled words.
You are confused.
The orc warrior hits you but does no damage.
The orc warrior hits you with a +0 halberd.
You bump into the rock wall.
The orc warrior hits you with a +0 halberd.
You closely miss the orc warrior.
You feel less confused. You block the orc warrior's attack.
You closely miss the orc warrior. You block the orc warrior's attack.
The orc warrior hits you but does no damage.
You barely miss the orc warrior.
The orc warrior hits you with a +0 halberd!
* * * LOW HITPOINT WARNING * * *
You closely miss the orc warrior. You block the orc warrior's attack.
You hit the orc warrior.
The orc warrior is moderately wounded.
You block the orc warrior's attack.
The orc warrior hits you from afar with a +0 halberd!
* * * LOW HITPOINT WARNING * * *
The orc warrior attacks as it pursues you!
You block the orc warrior's attack.
The orc warrior attacks as it pursues you!
The orc warrior hits you from afar with a +0 halberd!
You die...
Your body crumbles into a pile of gold.

############
#..........#...# ###
####..........#...# #.#
#.............#...# ..#
#.##..........#...#
#.######.##..........#...#
..........#####.######o..#
#.######........@.o......##
............###.#####o....##
.#..........# #.# ###.#...)#
##..........# #.###.....####
#......########.#...#.###
......###>........###.#
#####..##.#####.### #.#
.####.... #..# #.#
.......### #.## ..#


You could see an orc warrior and 2 orcs.

Vanquished Creatures
  Eustachio (D:4)
  2 black bears
  An ogre (D:5)
  4 scorpions (D:5)
  3 hounds
  2 sleepcaps
  A gnoll bouda (D:4)
  2 jellies (D:6)
  Jessica (D:3)
  2 iguanas
  Natasha (thrice) (D:4)
  2 orc wizards
  7 gnolls
  8 adders
  A shadow imp (D:6)
  A white imp (D:6)
  3 worms
  2 dart slugs (D:1)
  16 orcs
  4 endoplasms
  6 giant cockroaches
  13 goblins
  7 hobgoblins
  8 jackals (D:2)
  11 kobolds
  2 quokkas
  4 ball pythons
  6 bats
  9 frilled lizards
  3 rats
135 creatures vanquished.

Vanquished Creatures (others)
  An orc wizard (D:5)
1 creature vanquished.

Grand Total: 136 creatures vanquished

Notes
Turn   | Place    | Note
-------+----------+-------------------------------------------
     0 | D:1      | Dittersdorf the Gargoyle Fighter began the quest for the
                  | Orb.
     0 | D:1      | Reached XP level 1. HP: 14/14 MP: 1/1
   131 | D:1      | Reached XP level 2. HP: 19/19 MP: 2/2
   317 | D:1      | You fall into a shaft and drop 1 floor!
   340 | D:2      | Reached XP level 3. HP: 21/23 MP: 3/3
   563 | D:2      | Reached XP level 4. HP: 29/29 MP: 4/4
   892 | D:2      | Reached XP level 5. HP: 30/33 MP: 5/5
  1789 | D:1      | Found a faded altar of an unknown god.
  2840 | D:3      | Noticed Jessica
  2843 | D:3      | Killed Jessica
  3194 | D:4      | Reached XP level 6. HP: 32/39 MP: 6/6
  3576 | D:4      | Noticed Eustachio
  3611 | D:4      | Killed Eustachio
  3612 | D:4      | Reached skill level 5 in Shields
  3671 | D:4      | Reached skill level 5 in Armour
  3854 | D:3      | Reached skill level 5 in Fighting
  3886 | D:3      | Reached XP level 7. HP: 40/44 MP: 7/7
  4146 | D:4      | Noticed Natasha
  4150 | D:4      | Killed Natasha
  4299 | D:4      | Noticed Natasha
  4307 | D:4      | Killed Natasha
  4383 | D:4      | Noticed Natasha
  4391 | D:4      | Killed Natasha
  4865 | D:5      | Entered Level 5 of the Dungeon
  5005 | D:5      | Identified the +2 robe of Voci Kasma {Str+4}
  5140 | D:5      | Reached XP level 8. HP: 23/51 MP: 8/8
  5396 | D:5      | Reached skill level 5 in Maces & Flails
  6032 | D:6      | Found a staircase to the Ecumenical Temple.
  6050 | Temple   | Entered the Ecumenical Temple
  6124 | Temple   | Became a worshipper of Gozag Ym Sagoz the Greedy
  6340 | D:6      | HP: 1/52 [orc warrior/+0 halberd (11)]
  6342 | D:6      | Mangled by an orc warrior

Illustrated notes

Levels and vault maps discovered:
D:1:      elethiomel_arrival_fortress_basement, layout_rooms,
          shapermc_ecumenical_altar_petra
D:2:      minmay_alternating_diamond, layout_basic, serial_forest,
          infiniplex_forest_corner_2, infiniplex_forest_3_way,
          infiniplex_forest_lined_3, infiniplex_forest_lined_1,
          infiniplex_forest_straight_2, infiniplex_forest_clump_double,
          infiniplex_forest_lined_1
D:3:      layout_basic, serial_co_window_serial, co_window_paths_b,
          co_window_corner_a, co_window_of_opportunity_a, co_window_corner_a,
          co_window_of_opportunity_a, co_window_corner_b, co_window_corner_b,
          co_window_broadway_a, co_window_paths_c, co_window_of_opportunity_b,
          co_window_2corner, co_window_paths_d, co_window_4corner_b,
          glass_columns_b, glass_columns_a, glass_columns_b, glass_columns_a,
          glass_columns_a, guppyfry_early_orc_mine, uniq_jessica
D:4:      layout_loops_ring, hangedman_decor_clover_reticule, uniq_natasha,
          uniq_eustachio
D:5:      nicolae_cairo_tiling_large_dashed, layout_loops_ring,
          kennysheep_generic_room_9
D:6:      layout_rooms, minmay_temple_entry_slanted
Temple:   mainiacjoe_temple_cubbyholes

Skill      XL: |  1  2  3  4  5  6  7  8 |
---------------+-------------------------+-----
Armour         | 4 5 6 |  6.5
Shields        | 4 5 6 |  6.5
Fighting       | 4 5 6 |  6.5
Maces & Flails | 3 4 5 |  5.4

Action                     |  1- 3 |  4- 6 |  7- 9 || total
---------------------------+-------+-------+-------++-------
  Melee: Flail             |   107 |   277 |       ||   384
         Morningstar       |       |    90 |   187 ||   277
    Use: Scroll            |       |     8 |     6 ||    14
 Armour: Scale mail        |   154 |   188 |   212 ||   554
  Dodge: Dodged            |   123 |   117 |   100 ||   340
  Block: Buckler           |    39 |   168 |   147 ||   354
         Reflection        |       |     1 |     4 ||     5

Table legend: (Time is in decaauts)
 A = Elapsed time spent in this place.
 B = Non-inter-level travel time spent in this place.
 C = Inter-level travel time spent in this place.
 D = Time resting spent in this place.
 E = Time spent auto-exploring this place.
 F = Levels seen in this place.
 G = Mean time per level.
                   A        B        C        D        E       F      G
               +--------+--------+--------+--------+--------+-----+--------+
         Total |   6587 |   6279 |    308 |    413 |   4336 |   7 |  941.0 |
       Dungeon |   6464 |   6241 |    223 |    413 |   4336 |   6 | 1077.3 |
        Temple |    123 |     38 |     85 |      0 |      0 |   1 |  123.0 |
               +--------+--------+--------+--------+--------+-----+--------+

Top non-repeatable levels by time:
     D:4: 1599 daAuts
     D:2: 1477 daAuts
     D:3: 1226 daAuts
     D:5: 1046 daAuts
     D:1: 764 daAuts
     D:6: 350 daAuts
  Temple: 123 daAuts
